cohdb
Replays
Latest Replays
All Replays
Popular Replays
Top Player Replays
Match Explorer
How It Works
Community
CoH3 Stats
Reddit
Sign in to upload your games and track your stats! →
Sign in with Steam
Match 38194035
Unlisted
Match 38194035
Overview
Messages
Build Orders
End
Pioneer Squad
Construct Infanterie Kompanie
Selects Italian Coastal Battlegroup
Selects Italian Coastal Battlegroup
Selects Coastal Reserves
Coastal Reserve
MG 42 Machine Gun Team
Coastal Reserve
GrW 34 Mortar Team
Construct Panzergrenadier Kompanie
Support Elements
Selects Support Bunkers
Anti-tank Bunker
Construct Luftwaffe Kompanie
Pak 40 Anti-tank Gun Team
Selects Designated Artillery Overwatch
Anti-tank Bunker
Wirbelwind Flakpanzer
Jäger Squad
Selects Bulwark
Jäger Squad
Medical Bunker
Selects Artillery Officer
MG 42 Bunker
Construct Panzer Kompanie
Jäger Squad
Selects Obice da 210/22 Artillery Emplacement
LEV-Detahaven
Tenshi
slayermj12
Mephistopheles
0
0
Comments
sign in to comment!
No comments posted yet!